 Dungeon Crawl Stone Soup version 0.19.1-1-g22dce08 (webtiles) character file.

165 ponk the Grave Robber (level 5, -2/35 HPs)
             Began as a Mummy Necromancer on Jan 11, 2017.
             Was an Initiate of Yredelemnul.
             Slain by a bullfrog (6 damage)
             ... on level 3 of the Dungeon on Jan 12, 2017.
             The game lasted 00:18:29 (4279 turns).

ponk the Grave Robber (Mummy Necromancer)           Turns: 4279, Time: 00:18:31

Health: -2/35      AC:  6    Str: 11    XL:     5   Next: 22%
Magic:  2/9        EV: 12    Int: 16    God:    Yredelemnul [......]
Gold:   70         SH:  0    Dex: 12    Spells: 4 memorised, 1 level left

rFire  x . .     SeeInvis .     (no weapon)
rCold  + . .     Gourm    .     a - +0 robe
rNeg   + + +     Faith    .     (no shield)
rPois  ∞         Spirit   .     h - +0 helmet
rElec  .         Reflect  .     (no cloak)
rCorr  .         Harm     .     c - +2 pair of gloves {archery}
MR     +....                    (no boots)
Stlth  ++........               (no amulet)
                                (no ring)
                                j - ring of protection from magic

@: very slightly contaminated
A: no food or potions, fire vulnerability, cold resistance 1, negative energy
resistance 3, torment resistance, unbreathing
a: Renounce Religion


You were on level 3 of the Dungeon.
You worshipped Yredelemnul.
Yredelemnul was noncommittal.
You were not hungry.

You visited 1 branch of the dungeon, and saw 3 of its levels.

You collected 70 gold pieces.

Inventory:

Missiles
 e - 11 poisoned needles
Armour
 a - a +0 robe (worn)
 c - a +2 pair of gloves of archery (worn)
 h - a +0 helmet (worn)
Jewellery
 j - a ring of protection from magic (left hand)
Scrolls
 d - a scroll of identify
 f - 2 scrolls of fog
 g - a scroll of magic mapping
 i - a scroll of teleportation
 k - a scroll of recharging {unknown}
Books
 b - a book of Necromancy

   Spells                             Type                      Level
   a - Pain                           Necromancy                   1
   b - Animate Skeleton               Necromancy                   1
   c - Vampiric Draining              Necromancy                   3
   d - Regeneration                   Charms/Necromancy            3
   e - Animate Dead                   Necromancy                   4
   f - Control Undead                 Necromancy                   4


   Skills:
 - Level 1.7 Dodging
 - Level 1.8 Stealth
 - Level 0.1 Unarmed Combat
 + Level 3.2 Spellcasting
 * Level 5.6 Necromancy


You had one spell level left.
You knew the following spells:

 Your Spells              Type           Power        Failure   Level  Hunger
a - Pain                  Necr           ###.         1%          1    N/A
b - Animate Skeleton      Necr           N/A          1%          1    N/A
c - Vampiric Draining     Necr           ###.......   8%          3    N/A
d - Animate Dead          Necr           N/A          21%         4    N/A

Dungeon Overview and Level Annotations

Branches:
Dungeon (3/15)

Altars:
Kikubaaqudgha
Sif Muna
Yredelemnul
The Shining One


Innate Abilities, Weirdness & Mutations

You do not eat or drink.
Your flesh is vulnerable to fire.
You are immune to poison.
Your flesh is cold resistant. (rC+)
You are immune to negative energy. (rN+++)
You are immune to unholy pain and torment.
You can survive without breathing.


Message History

Your bandages flutter.
The bullfrog closely misses you. The bullfrog closely misses you.
The bullfrog hits you but does no damage.
A giant cockroach comes into view.
The bullfrog hits you but does no damage.
The giant cockroach bites you but does no damage.
You barely miss the giant cockroach. The bullfrog closely misses you.
The giant cockroach barely misses you. The bullfrog closely misses you.
The giant cockroach barely misses you. The giant cockroach closely misses you.
The giant cockroach closely misses you. The bullfrog barely misses you.
You see here a dagger.
The bullfrog hits you.
The giant cockroach waves its antennae.
The giant cockroach barely misses you. The bullfrog hits you.
The bullfrog hits you!
* * * LOW HITPOINT WARNING * * *
The bullfrog hits you.
You die...
Yredelemnul claims you as an undead slave.

.....†.....# ##.........!.).(..
...........# #........##.#..##.
#.........######........##.#.....
#....#.##.,......................
.....#..****#####.....#......####
*,,,,**,* ####........#.#(#
*,,,,*#,* #.............#.#
*,,,,*#.######.........#.....##
*,,,,##.......<.@s.....##.....###
,,,**#...#..[...#F....###........
,*,,,...#..[)................####
***,,,#.(........g...........## #
*,>,*,#..........l...)........#
*,**#......................)..###
*,**###..........................
,,,**#...........................
**,,.............(...........####


You could see a bullfrog, a leopard gecko, a giant cockroach and a hobgoblin.

Vanquished Creatures
  6 adders
  4 oozes
  2 worms (D:2)
  3 dart slugs
  A leopard gecko (D:3)
  9 orcs
  5 giant cockroaches
  8 hobgoblins
  9 kobolds
  2 quokkas (D:2)
  A ball python (D:1)
  2 bats (D:1)
  3 frilled lizards
  12 goblins
  9 rats
76 creatures vanquished.

Vanquished Creatures (collateral kills)
  An orc (D:3)
1 creature vanquished.

Grand Total: 77 creatures vanquished

Notes
Turn   | Place    | Note
-------+----------+-------------------------------------------
     0 | D:1      | ponk the Mummy Necromancer began the quest for the Orb.
     0 | D:1      | Reached XP level 1. HP: 13/13 MP: 3/3
   235 | D:1      | Reached XP level 2. HP: 18/19 MP: 0/5
   703 | D:1      | Learned a level 1 spell: Animate Skeleton
   936 | D:1      | Reached XP level 3. HP: 24/24 MP: 4/6
  1783 | D:2      | Learned a level 3 spell: Vampiric Draining
  2048 | D:2      | Reached XP level 4. HP: 30/30 MP: 4/8
  2312 | D:2      | Reached skill level 5 in Necromancy
  2422 | D:2      | Found a faded altar of an unknown god.
  3432 | D:3      | Learned a level 4 spell: Animate Dead
  3705 | D:2      | Reached XP level 5. HP: 28/35 MP: 2/9
  3859 | D:2      | Found a basalt altar of Yredelemnul.
  3866 | D:2      | Became a worshipper of Yredelemnul the Dark
  4049 | D:3      | Found a faded altar of an unknown god.
  4049 | D:3      | Found a glowing golden altar of the Shining One.
  4055 | D:3      | Found an ancient bone altar of Kikubaaqudgha.
  4057 | D:3      | Found a deep blue altar of Sif Muna.
  4059 | D:3      | Found a basalt altar of Yredelemnul.
  4279 | D:3      | Slain by a bullfrog

Skill      XL: |  1  2  3  4 |
---------------+-------------+-----
Necromancy     | 5 |  5.6
Spellcasting   | 3 |  3.2
Dodging        | |  1.7
Stealth        | |  1.8
Unarmed Combat | |  0.1

Action                   |  1- 3 |  4- 6 || total
-------------------------+-------+-------++-------
Melee: Unarmed           |    30 |    15 ||    45
 Cast: Pain              |    68 |    98 ||   166
       Animate Skeleton  |     5 |       ||     5
       Vampiric Draining |       |     4 ||     4
       Animate Dead      |       |     4 ||     4
  Use: Scroll            |     2 |     4 ||     6
Armor: Robe              |    39 |    35 ||    74
Dodge: Dodged            |    59 |    79 ||   138
